AoeStats
← CharlesV

Four Lakes

509364519Analyzed
1v1 RM · 7d ago on Sep 26, 2026· 26m 37s· 2 players
Game mode
Random Map
Map size
Tiny (2 player)
Population
200
Speed
Normal
Resources
Standard
Victory
Conquest
Starting age
Dark Age
Ending age
Imperial Age
RankedLock teamsTeams togetherTeam positionsShared explorationLock speedFull tech treeHidden civsTurbo modeCheats
Victory
Defeat
🇻🇳 Japanese · Vietnam
1227
+15
🇦🇷 Vikings · Argentina
1206
-15
CharlesV
9:48 Loom
12:22 Feudal Age
14:04 Double-Bit Axe
24:00 Castle Age
23:22 Fletching
24:36 Crossbowman
25:43 Padded Archer Armor
25:38 Bodkin Arrow
25:46 Padded Archer Armor
SlayerTi
7:11 Loom
9:59 Feudal Age
10:37 Double-Bit Axe
10:31 Man-at-Arms
11:53 Arson
13:01 Scale Mail Armor
13:31 Forging
22:29 Castle Age
20:39 Gold Mining
22:33 Stone Mining
22:34 Long Swordsman
23:00 Gambesons
24:24 Iron Casting
24:07 Chain Mail Armor
24:15 Squires
24:29 Fletching
26:08 Bodkin Arrow
26:22 Padded Archer Armor
Connection lost

Rejoining the realm…

Still unreachable

The connection could not be restored.

Session expired

The server has moved on; the page needs a fresh start.